 Dungeon Crawl Stone Soup version 0.27.1-16-g815e20cd7a (webtiles) character file.

Game seed: 9705038902566248584

4 pkoi the Magician (level 1, -2/14 HPs)
             Began as a Draconian Hedge Wizard on Nov 23, 2021.
             Slain by a quokka (3 damage)
             ... on level 1 of the Dungeon.
             The game lasted 00:00:18 (129 turns).

pkoi the Magician (Draconian Hedge Wizard)           Turns: 129, Time: 00:00:18

Health: -2/14      AC:  4    Str: 12    XL:     1   Next: 50%
Magic:  4/4        EV: 12    Int: 14    God:
Gold:   10         SH:  0    Dex: 10    Spells: 5/6 levels left

rFire    . . .     SeeInvis .   a - +0 dagger
rCold    . . .     Faith    .   (no shield)
rNeg     . . .     Spirit   .   (armour unavailable)
rPois    .         Reflect  .   b - +0 hat
rElec    .         Harm     .   (no cloak)
rCorr    .         Rampage  .   (no gloves)
Will     .....                  (no boots)
Stlth    ++........             (no amulet)
HPRegen  0.04/turn              (no ring)
MPRegen  0.09/turn              (no ring)

@: no status effects
A: AC +4, unfitting armour, cold-blooded
a: no special abilities


You were on level 1 of the Dungeon.
You visited 1 branch of the dungeon, and saw 1 of its levels.

You collected 10 gold pieces.

Inventory:

Hand Weapons
 a - a +0 dagger (weapon)
Armour
 b - a +0 hat (worn)
Potions
 c - a potion of berserk rage {unknown}


   Skills:
 - Level 1.7 Dodging
 - Level 1.7 Stealth
 - Level 3.0 Spellcasting
 + Level 1.6 Conjurations
 - Level 1.0 Summonings
 - Level 1.0 Translocations


You had 5 spell levels left.
You knew the following spells:

 Your Spells              Type           Power      Damage    Failure   Level
a - Magic Dart            Conj           24%        1d4       11%         1

Your spell library contained the following spells:

 Spells                   Type           Power      Damage    Failure   Level
 Blink                    Tloc           N/A        N/A       22%         2
 Call Imp                 Summ           4%         N/A       22%         2
 Slow                     Hex            2%         N/A       32%         2
 Conjure Flame            Conj/Fire      4%         6-21      43%         3
 Mephitic Cloud           Conj/Pois/Air  3%         N/A       45%         3


Dungeon Overview and Level Annotations

Branches:
Dungeon (1/15)

Altars:


Innate Abilities, Weirdness & Mutations

Your plain brown scales are hard. (AC +4)
You cannot fit into any form of body armour.
You are cold-blooded and may be slowed by cold attacks.


Message History

The bat hits you but does no damage. The bat hits you but does no damage.
The quokka bites you but does no damage.
The bat closely misses you. The bat hits you but does no damage.
The bat hits you but does no damage. The quokka bites you.
The bat hits you but does no damage. The dart slug launches a dart at you.
The slug dart hits you but does no damage.
The quokka bites you.
* * * LOW HITPOINT WARNING * * *
The bat hits you but does no damage. The bat barely misses you. x2
You hit the bat.
You kill the bat!
You completely miss the ball python.
The ball python is severely wounded.
The ball python closely misses you. The ball python grabs you.
The ball python constricts you. The ball python bites you.
* * * LOW HITPOINT WARNING * * *
The ball python constricts you.
You closely miss the ball python.
The ball python is severely wounded.
The ball python bites you.
* * * LOW HITPOINT WARNING * * *
The ball python constricts you.
* * * LOW HITPOINT WARNING * * *
You hit the ball python.
You kill the ball python!
You miss the quokka. The quokka closely misses you.
You barely miss the quokka. The quokka closely misses you.
You barely miss the quokka. The quokka bites you.
* * * LOW HITPOINT WARNING * * *
The quokka bites you.
* * * LOW HITPOINT WARNING * * *
You barely miss the quokka. The quokka barely misses you.
You miss the quokka.
You tail-slap the quokka, but do no damage.
The quokka bites you.
You die...

...........# #######
.#.#.#.#.#.# #.....#
#.#.#.#.#..###.....#####
.≈≈≈≈≈.#.#..............
#≈.<.≈#.#..#####'########
.≈...≈.#.#..##..........#
#≈...≈#.#.#.##..........#
.≈≈≈≈≈.#.##.##..........#
#.#.#.#.#.#.####@########
.#.#.#.#.##..# #r#
##.#########.# #K#
#.#########.###w##
#..............w.#
######...........#
#...........#
#...........#
#...........#


You could see 2 dart slugs, a quokka and a kobold.

Vanquished Creatures
  A ball python (D:1)
  A bat (D:1)
  A frilled lizard (D:1)
  A goblin (D:1)
4 creatures vanquished.

Notes
Turn   | Place    | Note
-------+----------+-------------------------------------------
     0 | D:1      | pkoi the Draconian Hedge Wizard began the quest for the
                  | Orb.
     0 | D:1      | Reached XP level 1. HP: 14/14 MP: 4/4
   129 | D:1      | Slain by a quokka

Illustrated notes

Levels and vault maps discovered:
D:1:      ncdulo_watergridlock, layout_basic, chequers_serial_rivers_marsh

Action                   || total
-------------------------++-------
Melee: Dagger            ||    16
       Tailslap          ||     1
Armor: Skin              ||    19
Dodge: Dodged            ||    20
